 Dungeon Crawl Stone Soup version 0.28-a0-991-g956f0ee3d5 (webtiles) character file.

Game seed: 7597718701787808386

51 KennySheep the Magician (level 3, -2/19 HPs)
             Began as a Deep Elf Venom Mage on Dec 5, 2021.
             Was a High Priest of Ignis.
             Slain by an adder (5 damage)
             ... on level 2 of the Dungeon.
             The game lasted 00:05:44 (1504 turns).

KennySheep the Magician (Deep Elf Venom Mage)       Turns: 1504, Time: 00:05:45

Health: -2/19      AC:  2    Str:  5    XL:     3   Next: 57%
Magic:  6/10       EV: 12    Int: 21    God:    Ignis [*****.]
Gold:   85         SH:  0    Dex: 15    Spells: 4/10 levels left

rFire   + . .      SeeInvis .   k - staff of poison
rCold   . . .      Faith    .   (no shield)
rNeg    . . .      Spirit   .   a - +0 robe
rPois   +          Reflect  .   (no helmet)
rElec   .          Harm     .   (no cloak)
rCorr   .          Rampage  .   (no gloves)
Will    .....                   (no boots)
Stlth   ++........              (no amulet)
HPRegen 0.06/turn               (no ring)
MPRegen 0.12/turn               (no ring)

@: no status effects
A: no striking features
a: Renounce Religion, Fiery Armour, Foxfire Swarm, Rising Flame


You were on level 2 of the Dungeon.
You worshipped Ignis.
Ignis was extremely pleased with you.
You visited 1 branch of the dungeon, and saw 2 of its levels.

You collected 85 gold pieces.

Inventory:

Hand Weapons
 d - a +0 dagger
Missiles
 i - a throwing net
Armour
 a - a +0 robe (worn)
Magical Staves
 f - a staff of conjuration
 k - a staff of poison (weapon)
Jewellery
 b - a ring of wizardry
Scrolls
 g - a scroll of teleportation {unknown}
 h - a scroll of identify {unknown}
 j - a scroll of fog {unknown}
Potions
 c - a potion of magic {unknown}
 e - 2 potions of curing {unknown}


   Skills:
 - Level 2.4 Dodging
 - Level 2.4 Stealth
 + Level 4.4 Spellcasting
 + Level 1.7 Conjurations
 - Level 1.2 Transmutations
 + Level 1.0 Air Magic
 - Level 3.2 Poison Magic


You had 4 spell levels left.
You knew the following spells:

 Your Spells              Type           Power      Damage    Failure   Level
a - Sting                 Tmut/Pois      84%        1d7       4%          1
b - Poisonous Vapours     Pois/Air       40%        N/A       7%          2
c - Mephitic Cloud        Conj/Pois/Air  19%        N/A       16%         3

Your spell library contained the following spells:

 Spells                   Type           Power      Damage    Failure   Level
 Static Discharge         Conj/Air       10%        N/A       10%         2
 Olgreb's Toxic Radiance  Pois           27%        N/A       30%         4
 Lightning Bolt           Conj/Air       5%         1d17      87%         5
 Maxwell's Capacitive Co  Air            4%         ∞         100%        8


Dungeon Overview and Level Annotations

Branches:
Dungeon (2/15)

Altars:
Ignis

Annotations:
D:2 Robin


Message History

You see here a staff of poison.
k - a staff of poison
k - a staff of poison (weapon)
Found a stone staircase leading up.
You see here a rat skeleton.
Found a stone staircase leading down.
Found 16 sling bullets.
An adder comes into view.
Found a chain mail.
An adder is nearby!
Casting: Sting (safe; 4% risk of failure)
Confirm with . or Enter, or press ? or * to list all spells.
You feel a surge of power!
The sting hits the adder.
The adder is poisoned.
The adder is lightly wounded.
Casting: Sting (safe; 4% risk of failure)
Confirm with . or Enter, or press ? or * to list all spells.
You feel a surge of power!
The sting hits the adder.
The adder looks even sicker.
The adder is heavily wounded.
The adder bites you.
You are poisoned.
The adder poisons you!
Casting: Sting (safe; 4% risk of failure)
Confirm with . or Enter, or press ? or * to list all spells.
You feel a surge of power!
The sting misses the adder.
You feel sick. The adder completely misses you.
Casting: Sting (safe; 4% risk of failure)
Confirm with . or Enter, or press ? or * to list all spells.
You feel a surge of power!
The sting hits the adder.
The adder looks even sicker.
The adder is almost dead.
You feel sick. The adder bites you.
You closely miss the adder.
The adder is almost dead.
You feel sick.
You are no longer poisoned.
The adder bites you.
* * * LOW HITPOINT WARNING * * *
The adder bites you.
You die...

#. .#.# #####.###.#.
######..^.......
#......####.##.## ###
#......# .....#
..###......# #....#
...........# #S...#
...##.....######@...#
...#..............>.#
...#.......#####....#
...#.......# #....#
...#)......# #....#
...#.###.#.### #...(#
##.#...÷..÷..# #..[.#
#...###.#.#.####...#
#.......#.....# ...#


You could see an adder (very poisoned).

Vanquished Creatures
  2 adders (D:2)
  A dart slug (D:1)
  4 bats
  An endoplasm (D:2)
  4 giant cockroaches (D:1)
  A hobgoblin (D:1)
  3 jackals (D:2)
  2 kobolds
  2 quokkas (D:1)
  2 ball pythons
  2 frilled lizards (D:1)
  3 goblins
  4 rats
31 creatures vanquished.

Notes
Turn   | Place    | Note
-------+----------+-------------------------------------------
     0 | D:1      | KennySheep the Deep Elf Venom Mage began the quest for the
                  | Orb.
     0 | D:1      | Reached XP level 1. HP: 10/10 MP: 6/6
   303 | D:1      | Reached XP level 2. HP: 15/15 MP: 5/8
   378 | D:1      | Learned a level 2 spell: Poisonous Vapours
   478 | D:1      | Reached skill level 1 in Conjurations
   572 | D:1      | Reached skill level 4 in Spellcasting
   601 | D:1      | Found a faded altar of an unknown god.
   612 | D:1      | Prayed at the altar of an unknown god.
   612 | D:1      | Became a worshipper of Ignis, the Dying Flame
   952 | D:2      | Noticed Robin
  1046 | D:2      | Reached XP level 3. HP: 13/19 MP: 2/10
  1131 | D:2      | Learned a level 3 spell: Mephitic Cloud
  1229 | D:2      | Reached skill level 1 in Air Magic
  1504 | D:2      | Slain by an adder

Illustrated notes

Levels and vault maps discovered:
D:1:      dpeg_arrival_windows_large_door, layout_basic,
          shapermc_ecumenical_altar_starsandcircs, minmay_misc_feat_x,
          st_stairs_1
D:2:      layout_basic, uniq_robin

Skill      XL: |  1  2  3 |
---------------+----------+-----
Conjurations   | 1 |  1.7
Spellcasting   | 4 |  4.4
Air Magic      | 1 |  1.0
Dodging        | |  2.4
Stealth        | |  2.4
Transmutations | |  1.2
Poison Magic   | |  3.2

Action                   || total
-------------------------++-------
Melee: Staff             ||     5
 Cast: Sting             ||    64
       Poisonous Vapours ||     1
Armor: Robe              ||    13
Dodge: Dodged            ||    36

Table legend: (Time is in decaauts)
 A = Elapsed time spent in this place.
 B = Non-inter-level travel time spent in this place.
 C = Inter-level travel time spent in this place.
 D = Time resting spent in this place.
 E = Time spent auto-exploring this place.
 F = Levels seen in this place.
 G = Mean time per level.
                   A        B        C        D        E       F      G
               +--------+--------+--------+--------+--------+-----+--------+
         Total |   1504 |   1456 |     48 |    190 |   1021 |   2 |  752.0 |
       Dungeon |   1504 |   1456 |     48 |    190 |   1021 |   2 |  752.0 |
               +--------+--------+--------+--------+--------+-----+--------+

Top non-repeatable levels by time:
     D:1: 925 daAuts
     D:2: 578 daAuts
